 Dungeon Crawl Stone Soup version 0.31.0-12-g77e489cdc1 (webtiles) character file.

Game seed: 5294917379013607992

65 CreativeNameHere the Grave Robber (level 3, -4/24 HPs)
             Began as a Vampire Necromancer on Mar 5, 2024.
             Slain by a ribbon worm (8 damage)
             ... on level 2 of the Dungeon.
             The game lasted 00:08:44 (682 turns).

CreativeNameHere the Grave Robber (VpNe)             Turns: 682, Time: 00:08:45

Health: -4/24      AC:  2    Str:  7    XL:     3   Next: 92%
Magic:  1/7        EV: 12    Int: 19    God:
Gold:   116        SH:  0    Dex: 14    Spells: 6/7 levels left

rFire   . . .        (no weapon)
rCold   . . .        (no shield)
rNeg    . . .        a - +0 robe
rPois   .            (no helmet)
rElec   .            (no cloak)
rCorr   .            (no gloves)
SInv    +            (no boots)
Will    .....        (no amulet)
Stlth   ++           (no ring)
HPRegen 0.44/turn    (no ring)
MPRegen 0.10/turn

%: no passive effects
@: healing quickly
A: alive, fangs 3, see invisible, vampiric 2
a: Exsanguinate


You were on level 2 of the Dungeon.
You visited 1 branch of the dungeon, and saw 2 of its levels.

You collected 116 gold pieces.

Inventory:

Hand Weapons
 d - a +0 short sword
 e - a +0 dagger
Missiles
 c - 3 poisoned darts
Armour
 a - a +0 robe (worn)
 g - a +0 leather armour
Scrolls
 f - a scroll of teleportation {unknown}
 j - 2 scrolls of identify {unknown}
Potions
 b - a potion of magic
 h - 3 potions of cancellation {unknown}
 i - a potion of ambrosia {unknown}


   Skills:
 + Level 0.1 Throwing
 + Level 2.3 Dodging
 + Level 3.2 Stealth
 + Level 2.9 Spellcasting
 + Level 5.3 Necromancy


You had 6 spell levels left.
You knew the following spells:

 Your Spells              Type           Power      Damage    Failure   Level
a - Necrotise             Necr           88%        1d8       1%          1

Your spell library contained the following spells:

 Spells                   Type           Power      Damage    Failure   Level
 Vampiric Draining        Necr           22%        2d7       5%          3
 Animate Dead             Necr           22%        N/A       17%         4
 Curse of Agony           Necr           22%        N/A       43%         5


Dungeon Overview and Level Annotations

Branches:
Dungeon (2/15)

Altars:


Innate Abilities, Weirdness & Mutations

Your natural rate of healing is accelerated.
You have razor-sharp teeth.
You have supernaturally acute eyesight. (SInv)
You are afflicted with vampirism and can become a bat while bloodless.


Message History

The hobgoblin shouts!
Your goblin skeleton hits the ribbon worm but does no damage.
The ribbon worm expels a string of sticky webbing.
The stream of webbing hits you but does no damage.
You are caught in a web!
There is a web here.
You struggle to detach yourself from the web.
You struggle to detach yourself from the web.
The web tears apart.
The ribbon worm misses you.
Your goblin skeleton barely misses the ribbon worm.
You hit the hobgoblin but do no damage. The ribbon worm bites you.
Your goblin skeleton hits the ribbon worm.
The hobgoblin closely misses you.
You barely miss the hobgoblin. The ribbon worm bites you!
Your goblin skeleton hits the ribbon worm.
The hobgoblin closely misses you.
You closely miss the hobgoblin. The ribbon worm bites you.
The hobgoblin hits you but does no damage.
Your goblin skeleton hits the ribbon worm but does no damage.
You barely miss the hobgoblin. The hobgoblin misses you.
You hit the hobgoblin but do no damage.
The ribbon worm expels a string of sticky webbing.
The stream of webbing hits you but does no damage.
You are caught in a web!
Your goblin skeleton barely misses the ribbon worm.
The hobgoblin hits you.
* * * LOW HITPOINT WARNING * * *
You struggle to detach yourself from the web.
The ribbon worm bites you.
* * * LOW HITPOINT WARNING * * *
Your goblin skeleton hits the ribbon worm.
The hobgoblin hits you.
* * * LOW HITPOINT WARNING * * *
The web tears apart.
The ribbon worm barely misses you.
Your goblin skeleton hits the ribbon worm but does no damage.
The hobgoblin closely misses you.
You barely miss the hobgoblin. You bite the hobgoblin.
The hobgoblin is heavily wounded.
The ribbon worm bites you!
You die...

# . .. ###. ... ... .
.... ### ####.# .# .....
#.# #....##.#
......#####.###.......#.
......g@wZ).(.'.(.......
#+#########.###.........
#.# #....#.... #.#
#....# .. #.# #....#
#.###....# #...##'###
#...##'### .. #.#
#........#...


You could see a ribbon worm (catching breath, ally target), a hobgoblin and a
friendly goblin skeleton.

Vanquished Creatures
  Terence (D:2)
  An adder (D:2)
  4 dart slugs
  An endoplasm (D:2)
  A goblin (D:2)
  A quokka (D:1)
  3 ball pythons (D:1)
  2 bats
  3 kobolds
  3 rats (D:1)
20 creatures vanquished.

Vanquished Creatures (collateral kills)
  An endoplasm (D:1)
  A goblin (D:1)
  A hobgoblin (D:1)
  2 rats (D:1)
5 creatures vanquished.

Grand Total: 25 creatures vanquished

Notes
Turn   | Place    | Note
-------+----------+-------------------------------------------
     0 | D:1      | CreativeNameHere the Vampire Necromancer began the quest
                  | for the Orb.
     0 | D:1      | Reached XP level 1. HP: 13/13 MP: 3/3
   174 | D:1      | Reached XP level 2. HP: 19/19 MP: 0/5
   544 | D:2      | Reached skill level 5 in Necromancy
   544 | D:2      | Gained mutation: You are afflicted with vampirism and can
                  | become a bat while bloodless. [Vampire growth]
   544 | D:2      | Reached XP level 3. HP: 20/24 MP: 2/6
   629 | D:2      | Noticed Terence
   649 | D:2      | Killed Terence
   682 | D:2      | Slain by a ribbon worm

Illustrated notes

Levels and vault maps discovered:
D:1:      dpeg_arrival_triangle_fractal, layout_rooms, nrook_mini_vaults,
          chequers_garden
D:2:      layout_basic, kennysheep_generic_room_10, uniq_terence

Skill      XL: |  1  2 |
---------------+-------+-----
Necromancy     | 5 |  5.3
Throwing       | |  0.1
Dodging        | |  2.3
Stealth        | |  3.2
Spellcasting   | |  2.9

Action                     || total
---------------------------++-------
  Melee: Unarmed           ||     9
         Bite              ||     1
  Throw: Dart              ||     6
   Cast: Necrotise         ||    38
 Armour: Robe              ||    25
  Dodge: Dodged            ||    19
